 Dungeon Crawl Stone Soup version 0.19.1 (webtiles) character file.

970 truemonolith the Nimble (level 7, -4/36 HPs)
             Began as a Deep Elf Conjurer on Nov 29, 2016.
             Slain by Duvessa
             ... wielding a cursed -3 rapier
              (14 damage)
             ... on level 5 of the Dungeon.
             The game lasted 00:11:38 (5513 turns).

truemonolith the Nimble (Deep Elf Conjurer)         Turns: 5513, Time: 00:11:38

Health: -4/36      AC:  5    Str: 14    XL:     7   Next: 94%
Magic:  1/18       EV: 18    Int: 22    God:
Gold:   243        SH:  0    Dex: 15    Spells: 4 memorised, 5 levels left

rFire  . . .     SeeInvis .     h - +2 short sword (flame)
rCold  . . .     Gourm    .     A - +0 robe
rNeg   . . .     Faith    .     (no shield)
rPois  .         Spirit   .     (no helmet)
rElec  .         Reflect  .     D - +0 cloak
rCorr  .         Harm     .     (no gloves)
MR     .....                    k - +1 pair of boots
Stlth  ++........               (no amulet)
                                u - +4 ring of strength
                                d - ring of wizardry

@: mighty
A: no striking features
a: no special abilities


You were on level 5 of the Dungeon.
You were not hungry.

You visited 1 branch of the dungeon, and saw 5 of its levels.

You collected 243 gold pieces.

Inventory:

Hand Weapons
 h - a +2 short sword of flaming (weapon)
Armour
 k - a +1 pair of boots (worn)
 A - a +0 robe (worn)
 D - a +0 cloak (worn)
Jewellery
 d - a ring of wizardry (left hand)
 s - a cursed ring of teleportation
 u - a +4 ring of strength (right hand)
Wands
 x - a wand of paralysis (9/24)
Scrolls
 e - a scroll of amnesia
 o - 2 scrolls of remove curse
 p - a scroll of fog
 y - a scroll of recharging {unknown}
 z - 2 scrolls of identify
 B - 2 scrolls of enchant weapon
Potions
 g - a potion of curing {unknown}
 i - 2 potions of might
 j - a potion of agility {unknown}
 m - a potion of degeneration {unknown}
 n - a potion of ambrosia {unknown}
 q - a potion of cancellation {unknown}
 r - 2 potions of haste {unknown}
 t - a potion of magic {unknown}
 v - a potion of heal wounds {unknown}
 w - a potion of flight {unknown}
 C - a potion of lignification {unknown}
Books
 b - a book of Conjurations

   Spells                             Type                      Level
   a - Magic Dart                     Conjuration                  1
   b - Searing Ray                    Conjuration                  2
   c - Dazzling Spray                 Conjuration/Hexes            3
   d - Fulminant Prism                Conjuration/Hexes            4
   e - Iskenderun's Mystic Blast      Conjuration                  4
   f - Iskenderun's Battlesphere      Conjuration/Charms           5
Comestibles
 c - 4 bread rations
 f - a beef jerky
 l - 4 meat rations


   Skills:
 + Level 8.4 Dodging
 - Level 2.4 Stealth
 - Level 6.1 Spellcasting
 - Level 6.7 Conjurations


You had 5 spell levels left.
You knew the following spells:

 Your Spells              Type           Power        Failure   Level  Hunger
a - Magic Dart            Conj           ####         1%          1    None
b - Dazzling Spray        Conj/Hex       ###...       4%          3    #......
c - Iskenderun's Battles  Conj/Chrm      ###.....     41%         5    #####..
d - Iskenderun's Mystic   Conj           #####...     3%          4    ###....


Dungeon Overview and Level Annotations

Branches:
Dungeon (5/15)
 Temple: D:4-7

Altars:
Hepliaklqana
Kikubaaqudgha
Makhleb
Qazlal
Sif Muna
Trog

Shops:
D:4 :

Annotations:
D:5 Duvessa


Message History

Duvessa is moderately wounded.
Duvessa closely misses you.
You puncture Duvessa! You burn Duvessa.
Duvessa is heavily wounded.
Duvessa hits you with an enchanted rapier!
Duvessa hits you with an enchanted rapier.
* * * LOW HITPOINT WARNING * * *
You hit Duvessa. You burn Duvessa.
Duvessa is heavily wounded.
Duvessa barely misses you.
Casting: Iskenderun's Mystic Blast
Confirm with . or Enter, or press ? or * to list all spells.
Aiming: Iskenderun's Mystic Blast
Press: ? - help, Shift-Dir - straight line, f - Duvessa
Aim: Duvessa, wielding an enchanted rapier (heavily wounded, berserk, fast, unusually strong)
The orb of energy hits Duvessa.
Duvessa is severely wounded.
The orb of energy explodes!
Duvessa barely misses you.
Duvessa hits you with an enchanted rapier!
You die...

#<### .. #.#. #.# .. #[.. #.#
.# #### #.# .# .. # #########
#.# .###.# #
#...>...###.######.....# #
#.#####.##......#......# #
###.#####.##..###.#.# #. ##
#.....).....e@..#.#.###.... .
.....#.#####.##.##............
##
######.#####.##.####.#.##.#.##
# #.......##......#># # #
######......#####... # #.###..#
###... ### #####.###..####
#...####.. #####.............#
#...#.....
#.....###.#.##.##.####...#.##.#


You could see Duvessa (berserk).

Vanquished Creatures
  Prince Ribbit (D:5)
  A water moccasin (D:4)
  A black bear (D:4)
  A centaur (D:4)
  Dowan (D:5)
  A crimson imp (D:5)
  2 howler monkeys
  A quasit (D:5)
  A hound (D:5)
  An orc wizard (D:3)
  2 orc priests (D:4)
  A centaur skeleton (D:5)
  A worker ant (D:5)
  A hound zombie (D:5)
  5 adders
  4 worms
  3 orcs
  6 bats
  7 giant cockroaches
  2 goblins
  15 hobgoblins
  5 jackals
  A quokka (D:3)
  2 frilled lizards (D:1)
  7 kobolds
  A quokka skeleton (D:4)
  9 rats
83 creatures vanquished.

Notes
Turn   | Place    | Note
-------+----------+-------------------------------------------
     0 | D:1      | truemonolith the Deep Elf Conjurer began the quest for the Orb.
     0 | D:1      | Reached XP level 1. HP: 10/10 MP: 6/6
   348 | D:1      | Reached XP level 2. HP: 15/15 MP: 6/8
  1044 | D:2      | Reached skill level 5 in Spellcasting
  1044 | D:2      | Reached XP level 3. HP: 19/19 MP: 6/11
  1049 | D:2      | Learned a level 3 spell: Dazzling Spray
  1232 | D:2      | Found a bloodstained altar of Trog.
  1768 | D:2      | Reached XP level 4. HP: 24/24 MP: 9/14
  2926 | D:4      | Noticed a black bear
  2933 | D:4      | Killed a black bear
  2933 | D:4      | Reached skill level 5 in Conjurations
  2933 | D:4      | Reached XP level 5. HP: 28/28 MP: 4/15
  3142 | D:4      | Found an ancient bone altar of Kikubaaqudgha.
  3142 | D:4      | Found a hazy altar of Hepliaklqana.
  3175 | D:4      | Found Xieng's Book Shoppe.
  3415 | D:4      | Noticed a centaur
  3418 | D:4      | Killed a centaur
  3418 | D:4      | Reached XP level 6. HP: 17/32 MP: 5/17
  3750 | D:4      | Found a deep blue altar of Sif Muna.
  3750 | D:4      | Found a faded altar of an unknown god.
  3755 | D:4      | Found a faded altar of an unknown god.
  3760 | D:4      | Found a faded altar of an unknown god.
  3762 | D:4      | Found a faded altar of an unknown god.
  3895 | D:4      | Reached skill level 3 in Dodging
  3929 | D:4      | Noticed a water moccasin
  3940 | D:4      | Killed a water moccasin
  3940 | D:4      | Reached skill level 4 in Dodging
  3968 | D:4      | Found a burning altar of Makhleb.
  4366 | D:3      | Reached skill level 5 in Dodging
  4546 | D:4      | Reached XP level 7. HP: 17/36 MP: 10/18
  4875 | D:4      | Learned a level 5 spell: Iskenderun's Battlesphere
  4880 | D:4      | Learned a level 4 spell: Iskenderun's Mystic Blast
  4894 | D:5      | Entered Level 5 of the Dungeon
  4912 | D:5      | Found a stormy altar of Qazlal.
  5027 | D:5      | Reached skill level 6 in Dodging
  5231 | D:5      | Noticed Prince Ribbit
  5238 | D:5      | Killed Prince Ribbit
  5238 | D:5      | Reached skill level 7 in Dodging
  5418 | D:5      | Reached skill level 8 in Dodging
  5494 | D:5      | Noticed Dowan
  5501 | D:5      | Noticed Duvessa
  5502 | D:5      | Killed Dowan
  5513 | D:5      | Slain by Duvessa

Skill      XL: |  1  2  3  4  5  6  7 |
---------------+----------------------+-----
Spellcasting   | 5 6 |  6.1
Conjurations   | 5 6 |  6.7
Dodging        | 5 8 |  8.4
Stealth        | |  2.4

Action                   |  1- 3 |  4- 6 |  7- 9 || total
-------------------------+-------+-------+-------++-------
Melee: Short sword       |     9 |     4 |     5 ||    18
 Cast: Magic Dart        |    82 |    83 |    20 ||   185
       Dazzling Spray    |       |    16 |     3 ||    19
       Iskenderun's Myst |       |       |    14 ||    14
  Use: Scroll            |       |    10 |       ||    10
       Potion            |       |       |     1 ||     1
  Eat: Chunk             |     2 |     2 |     3 ||     7
       Bread ration      |       |     2 |       ||     2
Armor: Robe              |     2 |     9 |     3 ||    14
Dodge: Dodged            |    11 |    21 |    19 ||    51
